[Event "Titled Tuesday Blitz December 20 Early 2022"]
[White "DIMONBANAN"]
[Black "Chesca, Alexandru"]
[BlackFideId "1214438"]
[WhiteElo "2416"]
[BlackElo "1917"]
[Result "1/2-1/2"]
[Round "07"]
[TimeControl "180+2"]
[Date "2022.12.20"]
[WhiteClock "0:00:03"]
[BlackClock "0:00:10"]

1. e4 c5 2. Nf3 d6 3. d4 cxd4 4. Nxd4 Nf6 5. Nc3 a6 6. h3 e5 7. Nb3 h5 8. Bg5 Be6 9. Be2 Be7 10. Bxf6 Bxf6 11. Bxh5 Nd7 12. Bg4 Rc8 13. Nd5 Bg5 14. c3 O-O 15. O-O b5 16. Bf5 g6 17. Bg4 f5 18. exf5 gxf5 19. Bh5 e4 20. f4 Bh6 21. Ne3 Nc5 22. Nd4 Bd7 23. Bg6 Qf6 24. Qh5 Qg7 25. Nexf5 Bxf5 26. Nxf5 Rxf5 27. Qxf5 Rf8 28. Qd5+ Kh8 29. Bxe4 Qg3 30. Qh5 Qg7 31. Bd5 Nd3 32. f5 Qg5 33. Qxg5 Bxg5 34. b3 Nf4 35. Be6 Ne2+ 36. Kh2 Nxc3 37. Rae1 d5 38. g4 d4 39. Kg3 d3 40. h4 Bd8 41. Re3 Bc7+ 42. Kf3 Rd8 43. g5 b4 44. f6 d2 45. g6 d1=Q+ 46. Rxd1 Nxd1 47. g7+ Kh7 48. g8=Q+ Rxg8 49. Bxg8+ Kxg8 50. Rd3 Nc3 51. f7+ Kf8 52. Rd7 Be5 53. Ra7 a5 54. h5 Bg7 55. Kg4 Bd4 56. Ra8+ Kxf7 57. Kf5 Nxa2 58. Rb8 Nc1 59. Rd8 Bc3 60. Rd7+ Ke8 61. Ra7 Nxb3 62. h6 Kd8 63. Ke4 Nc5+ 64. Kd5 Nd3 65. Kc4 Nf4 66. Rxa5 Ne6 67. Ra8+ Ke7 68. h7 Nc7 69. h8=Q Bxh8 70. Rxh8 Ne6 71. Rh7+ Kd6 72. Kxb4 Ke5 73. Rh8 Nf4 74. Kc3 Nd5+ 75. Kd3 Nf6 76. Ke3 Ng4+ 77. Kf3 Nf6 78. Rf8 Kf5 79. Kg3 Kg5 80. Ra8 Kf5 81. Ra5+ Ke4 82. Kf2 Ng4+ 83. Kg3 Ne5 84. Kf2 Ng4+ 85. Ke2 Ne5 86. Ra4+ Kd5 87. Ke3 Nc4+ 88. Kd3 Ne5+ 89. Kc3 Nf3 90. Ra5+ Ke4 91. Ra8 Ne5 92. Re8 Kd5 93. Re7 Ke4 94. Kd2 Kd4 95. Re8 Ke4 96. Rd8 Nf3+ 97. Ke2 Nd4+ 98. Kf2 Nf5 99. Re8+ Kf4 100. Ra8 Ke4 101. Ra4+ Ke5 102. Kf3 Nd4+ 103. Ke3 Nf5+ 104. Kd3 Ng3 105. Ra5+ Kf4 106. Ra8 Nf5 107. Rf8 Ke5 108. Kc4 Ke4 109. Re8+ Kf4 110. Kd5 Ne3+ 111. Kd4 Nf5+ 112. Kd3 Nd6 113. Re6 Nf5 114. Re1 Ng3 115. Re3 Nf5 116. Re4+ Kf3 117. Re8 Kf4 118. Rf8 Ke5 119. Kc4 Ke4 120. Re8+ Kf4 121. Kd5 Ne3+ 122. Kd4 1/2-1/2


[Site "https://www.chess.com"]

[Event "Titled Tuesday Blitz December 20 Early 2022"]
[White "D`Arruda, Ricardo D."]
[Black "UnknownMagician"]
[WhiteFideId "100692"]
[WhiteElo "2271"]
[BlackElo "2635"]
[Result "0-1"]
[Round "07"]
[TimeControl "180+2"]
[Date "2022.12.20"]
[WhiteClock "0:00:17"]
[BlackClock "0:01:10"]

1. d4 d5 2. Nf3 Nf6 3. c4 c6 4. Nc3 e6 5. e3 Nbd7 6. Bd3 dxc4 7. Bxc4 b5 8. Bd3 Bd6 9. O-O O-O 10. e4 e5 11. h3 Qe7 12. Re1 a6 13. Bg5 Bb7 14. Ne2 c5 15. d5 c4 16. Bc2 h6 17. Be3 Nc5 18. Ng3 Bc8 19. b4 cxb3 20. axb3 b4 21. Nd2 Bd7 22. Nc4 Rfc8 23. Nf5 Bxf5 24. exf5 Nfe4 25. Qf3 Nc3 26. Bd4 e4 27. Qg4 f6 28. Bxc3 bxc3 29. b4 Nd7 30. Rxe4 Qf8 31. Re6 Bxb4 32. Bb3 Nc5 33. Ba2 Nxe6 34. fxe6 f5 35. Qg6 Kh8 36. d6 Bxd6 37. Nxd6 Qxd6 38. Qxf5 c2 39. Rc1 Qd1+ 0-1


[Site "https://www.chess.com"]

[Event "Titled Tuesday Blitz December 20 Early 2022"]
[White "Dadic, Ivan"]
[Black "Rosenberg, Sergei G"]
[WhiteFideId "14531364"]
[BlackFideId "4102444"]
[WhiteElo "2080"]
[BlackElo "2418"]
[Result "1/2-1/2"]
[Round "07"]
[TimeControl "180+2"]
[Date "2022.12.20"]
[WhiteClock "0:01:32"]
[BlackClock "0:00:07"]

1. e4 e5 2. Nf3 Nc6 3. d4 exd4 4. Nxd4 Nf6 5. Nxc6 bxc6 6. e5 Qe7 7. Qe2 Nd5 8. h4 f6 9. c4 Ba6 10. Rh3 O-O-O 11. Ra3 Qb4+ 12. Nd2 Qb6 13. Rxa6 Qxa6 14. cxd5 Qxe2+ 15. Bxe2 cxd5 16. exf6 gxf6 17. Nf3 Bb4+ 18. Kf1 Rde8 19. Be3 Kb7 20. Nd4 a6 21. Bf3 c6 22. a3 Bd6 23. b4 Rhf8 24. Nf5 Bc7 25. Bc5 Rg8 26. Nd6+ Bxd6 27. Bxd6 Re6 28. Bc5 Rge8 29. Be3 Re5 30. Rc1 f5 31. Bf4 R5e6 32. g3 Ra8 33. a4 Rae8 34. b5 axb5 35. axb5 Kb6 36. bxc6 dxc6 37. Be3+ Rxe3 38. fxe3 Rxe3 39. Kf2 Rb3 40. Re1 Rb2+ 41. Re2 Rxe2+ 42. Kxe2 Kc5 43. Bh5 h6 44. Be8 Kd6 45. Kd3 c5 46. Bg6 Ke5 47. Bh7 c4+ 48. Kc3 f4 49. gxf4+ Kxf4 50. Bg8 Kg4 51. Bxd5 Kxh4 52. Kxc4 Kg3 53. Kd4 h5 54. Ke5 h4 55. Kf5 h3 56. Kg5 h2 57. Kh5 Kf2 58. Kh4 Kg1 59. Kg3 h1=N+ 1/2-1/2


[Site "https://www.chess.com"]

[Event "Titled Tuesday Blitz December 20 Early 2022"]
[White "DefiantChair"]
[Black "Kukku, Ramesh"]
[BlackFideId "25695606"]
[WhiteElo "2631"]
[BlackElo "1575"]
[Result "1-0"]
[Round "07"]
[TimeControl "180+2"]
[Date "2022.12.20"]
[WhiteClock "0:01:03"]
[BlackClock "0:00:04"]

1. e4 Nc6 2. Nf3 f5 3. exf5 d5 4. Bb5 Bxf5 5. d4 Qd6 6. Nc3 O-O-O 7. Ne5 Nxe5 8. dxe5 Qxe5+ 9. Ne2 d4 10. Bd3 Bxd3 11. cxd3 Nf6 12. O-O Nd5 13. Ng3 h5 14. Re1 Qd6 15. Nxh5 e5 16. Ng3 Nf4 17. Bxf4 exf4 18. Qg4+ Kb8 19. Ne4 Qh6 20. h3 Bd6 21. Ng5 Rdf8 22. Re6 Qh4 23. Qxh4 Rxh4 24. Rae1 b5 25. Nf3 Rh5 26. Nxd4 Rd5 27. R6e4 a6 28. Rc1 c5 29. Ne6 Rf6 30. Nxg7 Rxd3 31. Ne8 Rf5 32. Nxd6 Rxd6 33. Rc2 Rd1+ 34. Kh2 Kb7 35. h4 Kc6 36. Kh3 Kd5 37. f3 c4 38. Kg4 Rf8 39. Rxf4 Rxf4+ 40. Kxf4 Kd4 41. h5 b4 42. h6 Kd3 43. Rf2 Rh1 44. Kg5 c3 45. bxc3 bxc3 46. Kg6 c2 47. Rxc2 Kxc2 48. h7 Kb2 49. Kg7 Kxa2 50. f4 a5 51. f5 a4 52. f6 a3 53. f7 Kb1 54. f8=Q a2 55. Qf5+ Kb2 56. Qe5+ Kb1 57. h8=Q Rc1 58. Qh7+ Rc2 59. Qh1+ Rc1 60. Qe4+ Kb2 61. Qd4+ Kb1 62. Qa1+ Kxa1 63. Qxc1# 1-0


[Site "https://www.chess.com"]

[Event "Titled Tuesday Blitz December 20 Early 2022"]
[White "Delemarre, Jop"]
[Black "Cuajada_Zero"]
[WhiteFideId "1003704"]
[WhiteElo "2391"]
[BlackElo "2413"]
[Result "0-1"]
[Round "07"]
[TimeControl "180+2"]
[Date "2022.12.20"]
[WhiteClock "0:00:01"]
[BlackClock "0:00:03"]

1. e4 c6 2. d4 d5 3. e5 Bf5 4. Nf3 e6 5. Be2 Nd7 6. O-O Ne7 7. Nbd2 h6 8. Ne1 c5 9. c3 Nc6 10. Nb3 cxd4 11. cxd4 Be7 12. Bd3 Bxd3 13. Nxd3 Rc8 14. Qg4 g6 15. Be3 h5 16. Qh3 Kf8 17. Rac1 Kg7 18. Rc3 Nb4 19. Rxc8 Qxc8 20. Nxb4 Bxb4 21. Rc1 Qb8 22. Bg5 Rc8 23. Qe3 Rc7 24. a3 Bf8 25. Bh6+ Kg8 26. Bxf8 Kxf8 27. h4 Qc8 28. Kf1 Rc4 29. Ke1 Qc7 30. Kd2 Qb6 31. Rc3 Nb8 32. Kc2 Nc6 33. Rxc4 dxc4 34. Nc5 Qc7 35. Kc3 Ne7 36. Qf3 Nd5+ 37. Kc2 Kg7 38. Ne4 Qb6 39. Nd6 Qc7 40. g3 a6 41. Qe2 b5 42. g4 b4 43. gxh5 b3+ 44. Kb1 c3 45. Qf3 cxb2 0-1


[Site "https://www.chess.com"]

[Event "Titled Tuesday Blitz December 20 Early 2022"]
[White "Devallee, Jeremie"]
[Black "Alex_Sahakyan2006"]
[WhiteFideId "665240"]
[WhiteElo "2204"]
[BlackElo "2611"]
[Result "1-0"]
[Round "07"]
[TimeControl "180+2"]
[Date "2022.12.20"]
[WhiteClock "0:00:15"]
[BlackClock "0:01:14"]

1. e4 e6 2. d4 d5 3. exd5 exd5 4. Nf3 Bd6 5. Bd3 Ne7 6. O-O O-O 7. Nc3 c6 8. Bg5 f6 9. Bh4 Nf5 10. Bg3 Nxg3 11. hxg3 Bg4 12. Be2 Qd7 13. Qd2 a5 14. a3 Na6 15. Na4 Rae8 16. c4 Kh8 17. c5 Bc7 18. Rfe1 Re4 19. Nc3 Re7 20. Bxa6 Rxe1+ 21. Rxe1 bxa6 22. Qe2 h5 23. Qxa6 Bxf3 24. gxf3 h4 25. Kg2 h3+ 26. Kh2 Rb8 27. Qe2 Qf5 28. f4 g5 29. Qh5+ Kg8 30. Re7 Rf8 31. Rxc7 Qc2 32. Qf3 f5 33. fxg5 f4 34. gxf4 Qd1 35. Qxd1 1-0


[Site "https://www.chess.com"]

[Event "Titled Tuesday Blitz December 20 Early 2022"]
[White "Djeno, Drago"]
[Black "The_filthy"]
[WhiteFideId "14400421"]
[WhiteElo "2223"]
[BlackElo "2377"]
[Result "0-1"]
[Round "07"]
[TimeControl "180+2"]
[Date "2022.12.20"]
[WhiteClock "0:00:56"]
[BlackClock "0:00:40"]

1. Nc3 e6 2. d4 d5 3. Bf4 Nf6 4. e3 Bb4 5. Bd3 c5 6. dxc5 O-O 7. Qf3 Bxc5 8. O-O-O Nc6 9. e4 d4 10. e5 Nd7 11. Qh3 f5 12. exf6 Nxf6 13. Nf3 e5 14. Qh4 exf4 15. Ng5 h6 16. Bc4+ Kh8 17. Rhe1 Bf5 18. Nf7+ Rxf7 19. Bxf7 Qc7 20. Nd5 Qxf7 21. Nxf6 Qxf6 22. Qxf4 Bd6 23. Qf3 Rc8 24. Re2 Qg6 25. h3 Nb4 26. Qxb7 Nxa2+ 27. Kb1 Rxc2 28. Kxa2 Rxe2 29. Rxd4 Be6+ 0-1


[Site "https://www.chess.com"]

[Event "Titled Tuesday Blitz December 20 Early 2022"]
[White "Durin, Jean-Pierre"]
[Black "Hansch, Karsten"]
[WhiteFideId "26026600"]
[BlackFideId "24692239"]
[WhiteElo "1819"]
[BlackElo "2248"]
[Result "1-0"]
[Round "07"]
[TimeControl "180+2"]
[Date "2022.12.20"]
[WhiteClock "0:00:36"]
[BlackClock "0:00:16"]

1. d4 Nf6 2. Bg5 d5 3. Bxf6 exf6 4. e3 Bd6 5. a3 O-O 6. c4 dxc4 7. Bxc4 c6 8. Nc3 f5 9. g3 g6 10. Bf1 Nd7 11. Bg2 Nf6 12. Nge2 Qe7 13. Qc2 Be6 14. O-O h5 15. h4 Rac8 16. b4 a6 17. Rfd1 Rfd8 18. Rac1 a5 19. bxa5 Bxa3 20. Ra1 Bb4 21. Na4 Bxa5 22. Nc5 Bb4 23. Rdb1 Bxc5 24. Qxc5 Qc7 25. Ra7 b6 26. Qxb6 Qxb6 27. Rxb6 c5 28. Bf3 c4 29. Nc3 Ne4 30. Nxe4 fxe4 31. Bxe4 c3 32. Bc2 Bf5 33. e4 Bxe4 34. Bxe4 c2 35. Bxc2 Rxc2 36. Rbb7 Rf8 37. Rd7 Rd2 38. Kg2 Kg7 39. Kf3 Kf6 40. Ra6+ Kg7 41. Raa7 Kf6 42. Ke3 Rd1 43. f3 Re8+ 44. Kf4 Rxd4+ 45. Rxd4 1-0


[Site "https://www.chess.com"]

[Event "Titled Tuesday Blitz December 20 Early 2022"]
[White "Etoilegeniale"]
[Black "Najdoski, Toni"]
[BlackFideId "15001334"]
[WhiteElo "2593"]
[BlackElo "2598"]
[Result "1-0"]
[Round "07"]
[TimeControl "180+2"]
[Date "2022.12.20"]
[WhiteClock "0:00:24"]
[BlackClock "0:00:08"]

1. d4 Nf6 2. Bg5 d5 3. Bxf6 exf6 4. e3 Bd6 5. Bd3 O-O 6. Ne2 c6 7. c4 dxc4 8. Bxc4 Nd7 9. Nbc3 f5 10. O-O Nf6 11. h3 Qe7 12. Qc2 Ne4 13. Bd3 Re8 14. Rae1 b6 15. f3 Nxc3 16. Nxc3 g6 17. e4 Bg3 18. Rd1 f4 19. Ne2 Bd7 20. Qd2 Qh4 21. Nxg3 Qxg3 22. Qf2 Qg5 23. Kh2 Rad8 24. Bc4 Be6 25. Rc1 h5 26. Rc3 Qa5 27. Rfc1 Rc8 28. Qh4 Bxc4 29. Rxc4 Qxa2 30. R1c2 c5 31. d5 b5 32. Rxc5 Rxc5 33. Rxc5 Qxb2 34. Qxf4 a5 35. Rc7 Rf8 36. d6 a4 37. d7 a3 38. d8=Q 1-0


[Site "https://www.chess.com"]

[Event "Titled Tuesday Blitz December 20 Early 2022"]
[White "FairChess_on_YouTube"]
[Black "Shankland, Sam"]
[BlackFideId "2004887"]
[WhiteElo "3072"]
[BlackElo "2711"]
[Result "1-0"]
[Round "07"]
[TimeControl "180+2"]
[Date "2022.12.20"]
[WhiteClock "0:00:21"]
[BlackClock "0:00:20"]

1. Nf3 d5 2. d4 Nf6 3. c3 e6 4. Bg5 Be7 5. Nbd2 O-O 6. e3 b6 7. Bd3 Bb7 8. Ne5 Ne4 9. Bxe7 Qxe7 10. Qh5 f6 11. f3 fxe5 12. fxe4 exd4 13. exd4 dxe4 14. Nxe4 Nd7 15. O-O-O Bxe4 16. Bxe4 Nf6 17. Qh4 Rae8 18. Bc6 Rd8 19. Rhe1 Qd6 20. Ba4 g6 21. Re2 Nd5 22. Bb3 Kg7 23. g3 Rf6 24. Rde1 Rdf8 25. Qh3 Re8 26. Qg4 c6 27. Re5 a5 28. a4 Rf5 29. Kb1 Nf6 30. Qe2 Nd5 31. Rxe6 Rxe6 32. Qxe6 Qxe6 33. Rxe6 Rf6 34. Bxd5 cxd5 35. Rxf6 Kxf6 36. Kc2 Kf5 37. Kd3 1-0


[Site "https://www.chess.com"]

[Event "Titled Tuesday Blitz December 20 Early 2022"]
[White "FaustinoOro"]
[Black "Jasko, Pavel"]
[BlackFideId "980463"]
[WhiteElo "2633"]
[BlackElo "1693"]
[Result "1-0"]
[Round "07"]
[TimeControl "180+2"]
[Date "2022.12.20"]
[WhiteClock "0:00:55"]
[BlackClock "0:00:02"]

1. d4 d5 2. Nf3 Nf6 3. g3 c6 4. Bg2 Bf5 5. O-O e6 6. c4 Nbd7 7. Nc3 Be7 8. b3 h6 9. Re1 O-O 10. Nd2 Re8 11. Bb2 Bf8 12. e4 dxe4 13. Ndxe4 Nxe4 14. Nxe4 Nf6 15. Nc5 Qc7 16. Qf3 Rad8 17. h3 Bxc5 18. dxc5 Rd3 19. Re3 Be4 20. Qe2 Rxe3 21. Qxe3 Bxg2 22. Kxg2 e5 23. Rd1 Qe7 24. Rd6 Nd7 25. b4 f6 26. Qd2 Nf8 27. b5 Qc7 28. a4 cxb5 29. Qd5+ Qf7 30. axb5 Rc8 31. Ba3 Qxd5+ 32. cxd5 Kf7 33. c6 bxc6 34. dxc6 g5 35. Bc5 Ne6 36. Bxa7 f5 37. b6 Nd4 38. b7 Re8 39. c7 Rb8 1-0


[Site "https://www.chess.com"]

[Event "Titled Tuesday Blitz December 20 Early 2022"]
[White "Felix-Rose"]
[Black "ErikRonka"]
[WhiteElo "2299"]
[BlackElo "2520"]
[Result "0-1"]
[Round "07"]
[TimeControl "180+2"]
[Date "2022.12.20"]
[WhiteClock "0:01:58"]
[BlackClock "0:01:42"]

1. e4 c5 2. Nf3 e6 3. d4 cxd4 4. Nxd4 Nf6 5. Nc3 d6 6. Be3 a6 7. f3 b5 8. Qd2 Nbd7 9. g4 h6 10. h4 Nb6 11. O-O-O Nfd7 12. Kb1 b4 13. Nce2 Nc4 14. Qd3 Nxe3 15. Qxe3 Be7 16. Nc6 Qb6 17. Qxb6 Nxb6 18. Nxe7 Kxe7 19. Nd4 Bb7 20. b3 g6 21. Be2 e5 22. Kb2 exd4 23. Rxd4 a5 24. Rhd1 Rhd8 25. Bb5 Rac8 26. R1d2 d5 27. e5 Nd7 28. f4 Nc5 29. a3 Ne6 30. R4d3 0-1


[Site "https://www.chess.com"]

[Event "Titled Tuesday Blitz December 20 Early 2022"]
[White "Fera, Aryanti"]
[Black "Yildiz, Ayse Emek"]
[WhiteFideId "7118988"]
[BlackFideId "6303528"]
[WhiteElo "1770"]
[BlackElo "1702"]
[Result "1-0"]
[Round "07"]
[TimeControl "180+2"]
[Date "2022.12.20"]
[WhiteClock "0:00:04"]
[BlackClock "0:00:06"]

1. e4 e5 2. Nf3 Nc6 3. Bb5 a6 4. Ba4 Nf6 5. Nc3 Be7 6. O-O b5 7. Bb3 d6 8. a4 b4 9. Nd5 Rb8 10. a5 O-O 11. d3 Nxd5 12. Bxd5 Nxa5 13. d4 c6 14. Ba2 Qc7 15. h3 c5 16. dxe5 dxe5 17. Bd5 Nc6 18. c3 bxc3 19. bxc3 Bb7 20. Be3 Na5 21. Qa4 Bxd5 22. exd5 Nb3 23. Rab1 c4 24. Qxa6 Bd6 25. Nd2 Nxd2 26. Bxd2 Rb3 27. Ra1 h6 28. Rfd1 Rc8 29. Qa4 Rb2 30. Be3 Rb3 31. Rac1 f5 32. f3 Rb2 33. Rc2 Rcb8 34. Rxb2 Rxb2 35. Qe8+ Kh7 36. Qe6 g6 37. Ra1 Rb8 38. Ra7 Rb7 39. Rxb7 Qxb7 40. Qxd6 1-0


[Site "https://www.chess.com"]

[Event "Titled Tuesday Blitz December 20 Early 2022"]
[White "Firouzja, Alireza"]
[Black "wonderfultime"]
[WhiteFideId "12573981"]
[WhiteElo "2785"]
[BlackElo "3066"]
[Result "1-0"]
[Round "07"]
[TimeControl "180+2"]
[Date "2022.12.20"]
[WhiteClock "0:00:43"]
[BlackClock "0:00:05"]

1. e4 c5 2. Nf3 Nf6 3. e5 Nd5 4. Nc3 e6 5. Ne4 f5 6. Nc3 Nb4 7. g3 d5 8. exd6 Bxd6 9. Bg2 O-O 10. O-O e5 11. d3 h6 12. Re1 N4c6 13. Nb5 a6 14. Nxd6 Qxd6 15. Qe2 Re8 16. Bd2 Nd7 17. Bc3 Re7 18. a4 a5 19. Nd2 Nb6 20. Nf3 Bd7 21. Nxe5 Nd4 22. Bxd4 cxd4 23. Nc4 Rxe2 24. Nxd6 Rxc2 25. Bxb7 Rd8 26. b4 axb4 27. a5 Nc8 28. Bd5+ Kh7 29. Nf7 Rf8 30. a6 Rc5 31. Bb3 Rc3 32. Ne5 Rxb3 33. Nxd7 Rf7 34. a7 Nxa7 35. Rxa7 Rxd3 36. Ne5 Rxa7 37. Nxd3 b3 38. Rb1 Rb7 39. Nc5 Rb5 40. Nxb3 d3 41. Nd2 Re5 42. Rb3 Rd5 43. f4 g5 44. Kf2 Kg6 45. Ke3 Kh5 46. Rxd3 Rxd3+ 47. Kxd3 Kg4 48. Ke3 Kh3 49. Nf3 g4 50. Nh4 1-0


[Site "https://www.chess.com"]

[Event "Titled Tuesday Blitz December 20 Early 2022"]
[White "Forgacs, Gyula"]
[Black "Albano, Marco"]
[WhiteFideId "701203"]
[BlackFideId "801178"]
[WhiteElo "2305"]
[BlackElo "2291"]
[Result "1-0"]
[Round "07"]
[TimeControl "180+2"]
[Date "2022.12.20"]
[WhiteClock "0:00:54"]
[BlackClock "0:00:01"]

1. e4 c5 2. d3 g6 3. g3 Bg7 4. Bg2 Nc6 5. f4 d6 6. Nf3 Nf6 7. Nc3 O-O 8. O-O Rb8 9. a4 a6 10. h3 b5 11. axb5 axb5 12. Be3 b4 13. Ne2 b3 14. c3 c4 15. dxc4 Nxe4 16. Nfd4 Nxd4 17. Bxd4 Nc5 18. Bxg7 Kxg7 19. Nd4 Qb6 20. f5 Bb7 21. Bxb7 Qxb7 22. Qg4 Ra8 23. Rae1 Nd3 24. Re4 Ne5 25. Qh4 Ra2 26. f6+ exf6 27. Qxf6+ Kg8 28. Ne6 Qa7+ 29. Kh1 1-0


[Site "https://www.chess.com"]

[Event "Titled Tuesday Blitz December 20 Early 2022"]
[White "GHANDEEVAM2003"]
[Black "Nemegejas"]
[WhiteElo "3050"]
[BlackElo "2883"]
[Result "0-1"]
[Round "07"]
[TimeControl "180+2"]
[Date "2022.12.20"]
[WhiteClock "0:00:06"]
[BlackClock "0:00:28"]

1. c4 e6 2. Nc3 d5 3. d4 Nf6 4. cxd5 exd5 5. Bf4 Bd6 6. Bxd6 Qxd6 7. e3 O-O 8. Bd3 c6 9. Nf3 Bg4 10. Qc2 Nbd7 11. O-O-O b5 12. Kb1 a5 13. Ne2 a4 14. Rc1 Rfc8 15. Ng3 g6 16. Ng5 b4 17. Qd2 c5 18. dxc5 Nxc5 19. h3 Bd7 20. Qxb4 a3 21. Be2 Ra4 22. Qd2 Rb8 23. Rc2 Rab4 24. b3 Nxb3 25. axb3 Rxb3+ 26. Ka1 Qb6 27. Qc1 d4 28. N5e4 Nxe4 29. Nxe4 d3 30. Bxd3 Rxd3 31. Rc3 Qb2+ 32. Qxb2 axb2+ 33. Kb1 Bf5 34. Rxd3 Bxe4 35. Rd1 Rd8 36. Kxb2 Rxd3 37. Rg1 Rd2+ 38. Kc3 Rxf2 39. Kd4 Rxg2 0-1


[Site "https://www.chess.com"]

[Event "Titled Tuesday Blitz December 20 Early 2022"]
[White "GoltsevDmitry2000"]
[Black "Vsevolod_Ovchinnikov"]
[WhiteElo "2739"]
[BlackElo "2557"]
[Result "1-0"]
[Round "07"]
[TimeControl "180+2"]
[Date "2022.12.20"]
[WhiteClock "0:00:40"]
[BlackClock "0:00:01"]

1. e4 g6 2. h4 h5 3. Nf3 d6 4. Nc3 Bg4 5. d4 Nd7 6. Be2 e5 7. dxe5 dxe5 8. Ng5 Bxe2 9. Qxe2 c6 10. Be3 Bb4 11. Qc4 Qe7 12. O-O-O Bxc3 13. Qxc3 f6 14. Qb3 fxg5 15. Qxb7 Rb8 16. Qxc6 Rh7 17. Bxg5 Qb4 18. Qxg6+ Kf8 19. Qxh7 Qxb2+ 20. Kd2 Qb4+ 21. Ke2 Qc4+ 22. Rd3 Qxc2+ 23. Bd2 Ndf6 24. Qxa7 Rb2 25. Rhh3 Ke8 26. Rhg3 Qc4 27. f3 Rxd2+ 28. Kxd2 Qb4+ 29. Rc3 Qb2+ 30. Rc2 Qb4+ 31. Ke2 Qb5+ 32. Kf2 Ne7 33. Rg7 Nfg8 34. Rc8+ 1-0


[Site "https://www.chess.com"]

[Event "Titled Tuesday Blitz December 20 Early 2022"]
[White "Groz, Jacky"]
[Black "Misanik, Peter"]
[WhiteFideId "626643"]
[BlackFideId "14921421"]
[WhiteElo "2052"]
[BlackElo "1785"]
[Result "1-0"]
[Round "07"]
[TimeControl "180+2"]
[Date "2022.12.20"]
[WhiteClock "0:00:25"]
[BlackClock "0:00:01"]

1. d4 Nf6 2. c4 e6 3. Nf3 d5 4. Nc3 Nbd7 5. cxd5 exd5 6. Bg5 h6 7. Bh4 c6 8. e3 g5 9. Bg3 Nh5 10. Qc2 Nxg3 11. hxg3 Bg7 12. O-O-O Nb6 13. e4 dxe4 14. Nxe4 Nd5 15. Nc5 Qd6 16. Re1+ Kf8 17. Bc4 Bg4 18. Ne5 Bxe5 19. Rxe5 Nf6 20. Qc3 b6 21. Ne4 Nxe4 22. Rxe4 Bd7 23. Qf3 Rh7 24. Rhe1 f5 25. Be6 Bxe6 26. Rxe6 Qxd4 27. Qxf5+ Rf7 28. Qg6 Qg7 29. Qe4 Kg8 30. Rg6 Raf8 31. f3 1-0


[Site "https://www.chess.com"]

[Event "Titled Tuesday Blitz December 20 Early 2022"]
[White "Haimov, Elchanan"]
[Black "Skoularikis, Fotios"]
[WhiteFideId "2835916"]
[BlackFideId "4200500"]
[WhiteElo "1707"]
[BlackElo "2223"]
[Result "1-0"]
[Round "07"]
[TimeControl "180+2"]
[Date "2022.12.20"]
[WhiteClock "0:00:12"]
[BlackClock "0:00:15"]

1. d4 d5 2. Bg5 Nf6 3. Bxf6 exf6 4. e3 Bd6 5. g3 c6 6. c4 dxc4 7. Bxc4 b5 8. Bf1 Bb7 9. Bg2 Nd7 10. Nd2 Qb6 11. Ne2 c5 12. O-O cxd4 13. Nxd4 O-O 14. Bxb7 Qxb7 15. Qf3 Qxf3 16. N2xf3 a6 17. Rad1 Ne5 18. Kg2 Rfd8 19. Nf5 Bf8 20. Nxe5 fxe5 21. e4 Rac8 22. Ne3 Rd4 23. Kf3 g6 24. Rc1 Rcd8 25. Rfd1 Bh6 26. Rxd4 exd4 27. Rd1 Bg7 28. Nd5 f5 29. g4 fxe4+ 30. Kxe4 Re8+ 31. Kd3 Re5 32. Nb4 Re6 33. Rd2 a5 34. Nc2 h5 35. h3 hxg4 36. hxg4 Rd6 37. b3 Kf7 38. Ke4 Re6+ 39. Kd5 Rf6 40. Nxd4 b4 41. Nc6 Bh6 42. Re2 Bf4 43. Nxa5 Rd6+ 44. Kc4 Bd2 45. Kb5 Bc3 46. Nc4 Rd4 47. a4 bxa3 48. Ra2 Rxg4 49. Rxa3 Rf4 50. Ra7+ Kf6 51. Ra8 Kg5 52. Rc8 Rxf2 53. Nd6 Rf3 54. Ne4+ Kf4 55. Nxc3 g5 56. Nd5+ Ke5 57. Nc3 g4 58. Ne2 Re3 59. Re8+ Kf5 60. Rxe3 1-0


[Site "https://www.chess.com"]

[Event "Titled Tuesday Blitz December 20 Early 2022"]
[White "Harkness, Bryan"]
[Black "Kotofeyca"]
[WhiteFideId "444227"]
[WhiteElo "1935"]
[BlackElo "2372"]
[Result "0-1"]
[Round "07"]
[TimeControl "180+2"]
[Date "2022.12.20"]
[WhiteClock "0:00:13"]
[BlackClock "0:01:06"]

1. d4 d5 2. c4 c6 3. Nf3 Nf6 4. Nc3 dxc4 5. a4 Bg4 6. Ne5 Bh5 7. Nxc4 e6 8. f3 c5 9. dxc5 Qxd1+ 10. Nxd1 Bxc5 11. e4 Nc6 12. Be3 Nd7 13. Be2 Nd4 14. Bxd4 Bxd4 15. Nd6+ Ke7 16. Nb5 Bc5 17. Ndc3 a6 18. Na3 Rac8 19. Nc4 Bb4 20. Kd2 Nc5 21. Kc2 Bxc3 22. bxc3 Nxe4 23. Rhe1 Nc5 24. Nb6 Bg6+ 25. Kb2 Rc6 26. a5 Rd8 27. Red1 Nd3+ 28. Bxd3 Bxd3 29. Rac1 Rc5 30. Rd2 Rb5+ 31. Ka3 Rxa5+ 32. Na4 Bb5 33. Rd4 Rxd4 34. cxd4 Rxa4+ 35. Kb2 Rxd4 36. Rc7+ Rd7 37. Rxb7 Rxb7 0-1


[Site "https://www.chess.com"]

[Event "Titled Tuesday Blitz December 20 Early 2022"]
[White "Harsha_Bharathakoti"]
[Black "Brunstein, Sandrine"]
[BlackFideId "625574"]
[WhiteElo "2867"]
[BlackElo "1990"]
[Result "1-0"]
[Round "07"]
[TimeControl "180+2"]
[Date "2022.12.20"]
[WhiteClock "0:00:07"]
[BlackClock "0:00:05"]

1. e4 c5 2. Nf3 d6 3. Bb5+ Bd7 4. Bxd7+ Qxd7 5. c4 e5 6. Nc3 Nc6 7. d3 Be7 8. a3 Bd8 9. O-O Nge7 10. Rb1 O-O 11. b4 f5 12. bxc5 dxc5 13. Nd5 b6 14. Re1 f4 15. a4 Ng6 16. Bd2 Nd4 17. Nxd4 cxd4 18. f3 Rc8 19. a5 bxa5 20. Qb3 Nh4 21. Re2 Qe6 22. Be1 Kh8 23. Qa3 Rg8 24. Rb7 Qg6 25. Kf1 Qh5 26. Bxh4 Bxh4 27. Rxa7 Bd8 28. h3 Rc6 29. Ra8 Qf7 30. Rb2 h6 31. Rbb8 Qd7 32. Qa4 Qd6 33. Rxd8 Rxd8 34. Rxd8+ Qxd8 35. Qxc6 Qb8 36. Qb6 Qe8 37. Qxa5 1-0


[Site "https://www.chess.com"]

[Event "Titled Tuesday Blitz December 20 Early 2022"]
[White "Hasangatin_Ramil"]
[Black "Karjakin, Sergey"]
[BlackFideId "14109603"]
[WhiteElo "2705"]
[BlackElo "2747"]
[Result "0-1"]
[Round "07"]
[TimeControl "180+2"]
[Date "2022.12.20"]
[WhiteClock "0:00:04"]
[BlackClock "0:00:21"]

1. e4 c5 2. Nf3 d6 3. d4 cxd4 4. Qxd4 Nf6 5. Bb5+ Nc6 6. c4 e6 7. Nc3 Bd7 8. Bxc6 Bxc6 9. Bg5 Be7 10. O-O O-O 11. Rfd1 a6 12. Qd3 Rc8 13. Nd4 Bd7 14. Rac1 Qa5 15. Bd2 Qc7 16. b3 Qb8 17. a4 Bc6 18. Bg5 Rfe8 19. h3 Bd7 20. Nde2 Bc6 21. Bxf6 Bxf6 22. Qxd6 Qa7 23. Qf4 Qc5 24. Qe3 b6 25. Nd4 Bb7 26. Nf3 Qxe3 27. fxe3 Bxc3 28. Rxc3 Bxe4 29. Rd6 Rb8 30. a5 bxa5 31. Rxa6 Ra8 32. Rxa8 Rxa8 33. Nd2 Bc6 34. Rd3 Kf8 35. Rd6 Rc8 36. g4 Ke7 37. Rd3 h5 38. Kf2 hxg4 39. hxg4 Rh8 40. Nf3 f6 41. Rd2 Rh3 42. Nd4 Be4 43. Nb5 g5 44. Rd6 f5 45. gxf5 exf5 46. Ra6 g4 47. Rg6 Kf7 48. Rg5 Kf6 49. Rg8 Rf3+ 50. Ke2 g3 51. Nd6 Rf2+ 52. Ke1 Rf3 53. Ke2 Ke5 54. Nxe4 fxe4 55. Rg5+ Kf6 56. Rg4 Kf5 57. Rf4+ Rxf4 58. exf4 Kxf4 59. c5 Ke5 0-1


[Site "https://www.chess.com"]

[Event "Titled Tuesday Blitz December 20 Early 2022"]
[White "HashtagChess"]
[Black "GregLeBarbare"]
[WhiteElo "1812"]
[BlackElo "2242"]
[Result "0-1"]
[Round "07"]
[TimeControl "180+2"]
[Date "2022.12.20"]
[WhiteClock "0:00:46"]
[BlackClock "0:01:46"]

1. e4 e6 2. d4 d5 3. e5 c5 4. c3 Nc6 5. Nf3 Bd7 6. Bd3 Rc8 7. O-O cxd4 8. cxd4 Nb4 9. a3 Nxd3 10. Qxd3 Ne7 11. Bg5 h6 12. Bh4 Qb6 13. Qd2 Nf5 14. Bg3 Be7 15. Nc3 O-O 16. Rac1 Rc4 17. Rfd1 Rfc8 18. Bf4 Qb3 19. g4 Nh4 20. Nxh4 Bxh4 21. g5 Bxg5 22. Bxg5 hxg5 23. Qxg5 Qxb2 24. Qe3 Rxc3 0-1


[Site "https://www.chess.com"]